TOP OF THE 1ST |
Buffalo White Walkers batting - Pitching for Hollywood Shredders : RHP David Buchanan
|
Pitching: RHP David Buchanan
|
|
Batting: LHB Dread Roberts
|
0-0: Called Strike 0-1: Ball 1-1: Foul Ball, location: 2F 1-2: Ground out U3 (Groundball, 3, EV 102.5 MPH)
|
Batting: LHB Jesús Lazcano
|
0-0: Ball 1-0: Ground out 1-3 (Groundball, 13S, EV 70.0 MPH)
|
Batting: SHB Je-myung Yu
|
0-0: Ball 1-0: Foul Ball, location: 2F 1-1: SOLO HOME RUN (Line Drive, 7D, EV 96.2 MPH), Distance : 383 ft
|
Batting: RHB Derek Bangert
|
0-0: Called Strike 0-1: Ball 1-1: Foul Ball, location: 2F 1-2: Fly out, F8 (Flyball, 8RM, EV 88.1 MPH)
|
Top of the 1st over - 1 run, 1 hit, 0 errors, 0 left on base; Buffalo 1 - Hollywood 0 |
BOTTOM OF THE 1ST |
Hollywood Shredders batting - Pitching for Buffalo White Walkers : RHP Juan Guillén
|
Pitching: RHP Juan Guillén
|
|
Batting: LHB Chris Payling
|
0-0: Ball 1-0: SINGLE (Line Drive, 9LS, EV 106.9 MPH)
|
Batting: RHB James Hemwick
|
0-0: Called Strike 0-1: Ball 1-1: Ball 2-1: Called Strike 2-2: Grounds into double play, 6-4-3 (Groundball, 6, EV 100.0 MPH)
|
Batting: LHB Kanko Umaba
|
0-0: Swinging Strike 0-1: Foul Ball, location: 2F 0-2: Fly out, F9 (Flyball, 89M, EV 80.0 MPH)
|
Bottom of the 1st over - 0 runs, 1 hit, 0 errors, 0 left on base; Buffalo 1 - Hollywood 0 |
TOP OF THE 2ND |
Buffalo White Walkers batting - Pitching for Hollywood Shredders : RHP David Buchanan
|
Batting: LHB Gilberto Ocasio
|
0-0: DOUBLE (Line Drive, 78XD, EV 107.5 MPH)
|
Batting: RHB Tom Smythe
|
0-0: Ball 1-0: Swinging Strike 1-1: Swinging Strike 1-2: Ball 2-2: Ball 3-2: Ground out 5-3 (Groundball, 5, EV 91.2 MPH)
|
Batting: RHB Peter Holland
|
0-0: Ball 1-0: Fly out, F9 (Line Drive, 9S, EV 101.9 MPH)
|
Batting: RHB Cisco Feijoo
|
0-0: Ball 1-0: Called Strike 1-1: Fly out, F8 (Flyball, 8LM, EV 83.8 MPH)
|
Top of the 2nd over - 0 runs, 1 hit, 0 errors, 1 left on base; Buffalo 1 - Hollywood 0 |
BOTTOM OF THE 2ND |
Hollywood Shredders batting - Pitching for Buffalo White Walkers : RHP Juan Guillén
|
Batting: RHB Baldomero Avino
|
0-0: Foul Ball, location: 2F 0-1: Ball 1-1: Foul Ball, location: 2F 1-2: SINGLE (Groundball, 56D, EV 103.8 MPH)
|
Batting: LHB Scott Kerin
|
0-0: Called Strike 0-1: Foul Ball, location: 2F 0-2: Ball 1-2: Ball 2-2: Ball 3-2: Ground out 3-1 (Groundball, 34, EV 103.1 MPH) Baldomero Avino to second
|
Batting: RHB Guillermo Coss
|
0-0: Ball 1-0: Foul Ball, location: 2F 1-1: Ball 2-1: Fly out, F7 (Line Drive, 7, EV 93.1 MPH)
|
Batting: LHB Divine Diablo
|
0-0: Ball 1-0: Foul Ball, location: 2F 1-1: Ball 2-1: Ball 3-1: Base on Balls
|
Batting: RHB Jon Osterman
|
0-0: Called Strike 0-1: Ball 1-1: Fly out, F8 (Flyball, 8RS, EV 82.5 MPH)
|
Bottom of the 2nd over - 0 runs, 1 hit, 0 errors, 2 left on base; Buffalo 1 - Hollywood 0 |
TOP OF THE 3RD |
Buffalo White Walkers batting - Pitching for Hollywood Shredders : RHP David Buchanan
|
Batting: RHB Pedro Álvarez
|
0-0: Called Strike 0-1: Ball 1-1: Ball 2-1: Ball 3-1: Base on Balls
|
Batting: LHB Dread Roberts
|
0-0: 2-RUN HOME RUN (Flyball, 89XD, EV 95.6 MPH), Distance : 420 ft
|
Batting: LHB Jesús Lazcano
|
0-0: Ball 1-0: Fly out, F7 (Flyball, 78S, EV 90.0 MPH)
|
Batting: SHB Je-myung Yu
|
0-0: Ball 1-0: Swinging Strike 1-1: Ball 2-1: Foul Ball, location: 2F 2-2: Strikes out swinging
|
Batting: RHB Derek Bangert
|
0-0: Ball 1-0: Ball 2-0: Ball 3-0: Base on Balls
|
Batting: LHB Gilberto Ocasio
|
0-0: Swinging Strike 0-1: Ground out 1-3 (Groundball, 34S, EV 85.0 MPH)
|
Top of the 3rd over - 2 runs, 1 hit, 0 errors, 1 left on base; Buffalo 3 - Hollywood 0 |
BOTTOM OF THE 3RD |
Hollywood Shredders batting - Pitching for Buffalo White Walkers : RHP Juan Guillén
|
Batting: RHB Nigel Sturges
|
0-0: Ground out 6-3 (Groundball, 6S, EV 76.9 MPH)
|
Batting: LHB Chris Payling
|
0-0: Called Strike 0-1: Foul Ball, location: 2F 0-2: Ground out 3-1 (Groundball, 34, EV 85.0 MPH)
|
Batting: RHB James Hemwick
|
0-0: Called Strike 0-1: Foul Ball, location: 2F 0-2: Ball 1-2: Fly out, F9 (Line Drive, 9, EV 93.8 MPH)
|
Bottom of the 3rd over - 0 runs, 0 hits, 0 errors, 0 left on base; Buffalo 3 - Hollywood 0 |
TOP OF THE 4TH |
Buffalo White Walkers batting - Pitching for Hollywood Shredders : RHP David Buchanan
|
Batting: RHB Tom Smythe
|
0-0: Ball 1-0: Ball 2-0: Foul Ball, location: 2F 2-1: Swinging Strike 2-2: Strikes out swinging
|
Batting: RHB Peter Holland
|
0-0: Ball 1-0: Foul Ball, location: 2F 1-1: Foul Ball, location: 2F 1-2: Ball 2-2: Fly out, F9 (Flyball, 9S, EV 80.6 MPH)
|
Batting: RHB Cisco Feijoo
|
0-0: Ball 1-0: Ball 2-0: Foul Ball, location: 2F 2-1: Called Strike 2-2: Ball 3-2: Strikes out looking
|
Top of the 4th over - 0 runs, 0 hits, 0 errors, 0 left on base; Buffalo 3 - Hollywood 0 |
BOTTOM OF THE 4TH |
Hollywood Shredders batting - Pitching for Buffalo White Walkers : RHP Juan Guillén
|
Batting: LHB Kanko Umaba
|
0-0: Called Strike 0-1: Called Strike 0-2: Ball 1-2: Ball 2-2: SINGLE (Groundball, 34D, EV 104.4 MPH)
|
Batting: RHB Baldomero Avino
|
0-0: Ball 1-0: Ball 2-0: Ball 3-0: Called Strike 3-1: Base on Balls Kanko Umaba to second
|
Batting: LHB Scott Kerin
|
0-0: Foul Ball, location: 2F 0-1: Ball 1-1: Grounds into double play, 6-4-3 (Groundball, 6, EV 91.2 MPH) Kanko Umaba to third
|
Batting: RHB Guillermo Coss
|
0-0: Called Strike 0-1: Ground out U3 (Groundball, 3, EV 83.1 MPH)
|
Bottom of the 4th over - 0 runs, 1 hit, 0 errors, 1 left on base; Buffalo 3 - Hollywood 0 |
TOP OF THE 5TH |
Buffalo White Walkers batting - Pitching for Hollywood Shredders : RHP David Buchanan
|
Batting: RHB Pedro Álvarez
|
0-0: Called Strike 0-1: Foul Ball, location: 2F 0-2: Ball 1-2: Strikes out swinging
|
Batting: LHB Dread Roberts
|
0-0: Foul Ball, location: 2F 0-1: Ground out 4-3 (Groundball, 4, EV 105.0 MPH)
|
Batting: LHB Jesús Lazcano
|
0-0: Ball 1-0: Reached on error, E2 (Groundball, 2R, EV 75.6 MPH)
|
Batting: SHB Je-myung Yu
|
0-0: Called Strike Jesús Lazcano steals 2nd base 0-1: Ball 1-1: Foul Ball, location: 2F 1-2: Ball 2-2: Fly out, F9 (Flyball, 9LS, EV 91.9 MPH)
|
Top of the 5th over - 0 runs, 0 hits, 1 error, 1 left on base; Buffalo 3 - Hollywood 0 |
BOTTOM OF THE 5TH |
Hollywood Shredders batting - Pitching for Buffalo White Walkers : RHP Juan Guillén
|
Batting: LHB Divine Diablo
|
0-0: Ball 1-0: Called Strike 1-1: Ground out 4-3 (Groundball, 4, EV 91.2 MPH)
|
Batting: RHB Jon Osterman
|
0-0: SINGLE (Groundball, 6D, EV 103.1 MPH)
|
Batting: RHB Nigel Sturges
|
0-0: Called Strike 0-1: Ball 1-1: Called Strike 1-2: Strikes out swinging
|
Batting: LHB Chris Payling
|
0-0: Called Strike Balk! Jon Osterman to second 0-1: Called Strike 0-2: Ground out 4-3 (Groundball, 4S, EV 80.0 MPH)
|
Bottom of the 5th over - 0 runs, 1 hit, 0 errors, 1 left on base; Buffalo 3 - Hollywood 0 |
TOP OF THE 6TH |
Buffalo White Walkers batting - Pitching for Hollywood Shredders : RHP David Buchanan
|
Batting: RHB Derek Bangert
|
0-0: Foul Ball, location: 2F 0-1: Ball 1-1: Ball 2-1: Called Strike 2-2: Ball 3-2: Fly out, F8 (Flyball, 8LXD, EV 98.1 MPH)
|
Batting: LHB Gilberto Ocasio
|
0-0: Ball 1-0: SINGLE (Flyball, 78M, EV 86.9 MPH)
|
Batting: RHB Tom Smythe
|
0-0: Called Strike 0-1: Called Strike 0-2: Ball 1-2: Fly out, F9 (Flyball, 9, EV 87.5 MPH)
|
Batting: RHB Peter Holland
|
0-0: Called Strike 0-1: Ball 1-1: Swinging Strike 1-2: Strikes out looking
|
Top of the 6th over - 0 runs, 1 hit, 0 errors, 1 left on base; Buffalo 3 - Hollywood 0 |
BOTTOM OF THE 6TH |
Hollywood Shredders batting - Pitching for Buffalo White Walkers : RHP Juan Guillén
|
Batting: RHB James Hemwick
|
0-0: Ball 1-0: Ball 2-0: Foul Ball, location: 2F 2-1: Ball 3-1: Ground out 3-1 (Groundball, 34D, EV 95.0 MPH)
|
Batting: LHB Kanko Umaba
|
0-0: Ground out 4-3 (Groundball, 4S, EV 83.1 MPH)
|
Batting: RHB Baldomero Avino
|
0-0: Called Strike 0-1: Ball 1-1: Foul Ball, location: 2F 1-2: DOUBLE (Line Drive, 9LD, EV 110.0 MPH)
|
Batting: LHB Scott Kerin
|
0-0: Ball 1-0: Foul Ball, location: 2F 1-1: Swinging Strike 1-2: Foul Ball, location: 2F 1-2: Foul Ball, location: 2F 1-2: SINGLE (Line Drive, 7LM, EV 98.1 MPH) Baldomero Avino to third Runner from 3rd tries for Home, SAFE, throw by LF to home
|
Batting: RHB Guillermo Coss
|
0-0: Ball 1-0: Ground out 4-3 (Groundball, 4, EV 80.0 MPH)
|
Bottom of the 6th over - 1 run, 2 hits, 0 errors, 1 left on base; Buffalo 3 - Hollywood 1 |
TOP OF THE 7TH |
Buffalo White Walkers batting - Pitching for Hollywood Shredders : RHP David Buchanan
|
Pitching: RHP Seung Pak
|
|
Batting: RHB Cisco Feijoo
|
0-0: Swinging Strike 0-1: SOLO HOME RUN (Flyball, 7LD, EV 103.1 MPH), Distance : 340 ft
|
Batting: RHB Pedro Álvarez
|
0-0: Ball 1-0: Ground out 6-3 (Groundball, 56, EV 108.1 MPH)
|
Batting: LHB Dread Roberts
|
0-0: Called Strike 0-1: Ball 1-1: Ball 2-1: Foul Ball, location: 2F 2-2: Foul Ball, location: 2F 2-2: Ball 3-2: Strikes out swinging
|
Batting: LHB Jesús Lazcano
|
0-0: Foul Ball, location: 2F 0-1: Ball 1-1: Called Strike 1-2: Ball 2-2: Ball 3-2: Foul Ball, location: 2F 3-2: Ground out 6-3 (Groundball, 6M, EV 111.2 MPH)
|
Top of the 7th over - 1 run, 1 hit, 0 errors, 0 left on base; Buffalo 4 - Hollywood 1 |
BOTTOM OF THE 7TH |
Hollywood Shredders batting - Pitching for Buffalo White Walkers : RHP Juan Guillén
|
Batting: LHB Divine Diablo
|
0-0: Swinging Strike 0-1: Ball 1-1: Foul Ball, location: 2F 1-2: SINGLE (Groundball, 34D, EV 100.0 MPH)
|
Batting: RHB Jon Osterman
|
0-0: Called Strike 0-1: Fly out, F8 (Flyball, 8RS, EV 93.8 MPH)
|
Batting: RHB Nigel Sturges
|
0-0: Called Strike 0-1: Ball 1-1: Ball 2-1: Foul Ball, location: 2F 2-2: Ball 3-2: Foul Ball, location: 2F 3-2: Fielders Choice at 2nd, 5-4 (Groundball, 56S, EV 80.0 MPH)
|
Batting: LHB Chris Payling
|
0-0: Ball 1-0: SINGLE (Line Drive, 5D, EV 101.9 MPH) Nigel Sturges to second
|
Batting: RHB James Hemwick
|
0-0: Foul Ball, location: 2F 0-1: Ball 1-1: Swinging Strike 1-2: Foul Ball, location: 2F 1-2: Ball 2-2: Ball 3-2: Strikes out swinging
|
Bottom of the 7th over - 0 runs, 2 hits, 0 errors, 2 left on base; Buffalo 4 - Hollywood 1 |
TOP OF THE 8TH |
Buffalo White Walkers batting - Pitching for Hollywood Shredders : RHP Seung Pak
|
Pitching: RHP José Villarreal
|
|
Batting: SHB Je-myung Yu
|
0-0: Swinging Strike 0-1: Swinging Strike 0-2: Strikes out swinging
|
Batting: RHB Derek Bangert
|
0-0: Swinging Strike 0-1: Ball 1-1: Ball 2-1: Ball 3-1: Called Strike 3-2: Foul Ball, location: 2F 3-2: Strikes out swinging
|
Batting: LHB Gilberto Ocasio
|
0-0: Called Strike 0-1: Foul Ball, location: 2F 0-2: Ball 1-2: Strikes out swinging
|
Top of the 8th over - 0 runs, 0 hits, 0 errors, 0 left on base; Buffalo 4 - Hollywood 1 |
BOTTOM OF THE 8TH |
Hollywood Shredders batting - Pitching for Buffalo White Walkers : RHP Juan Guillén
|
Pitching: LHP Amberlan Romubio
|
|
Batting: LHB Kanko Umaba
|
0-0: Foul Ball, location: 2F 0-1: Ball 1-1: Foul Ball, location: 2F 1-2: Ball 2-2: Strikes out swinging
|
Batting: RHB Baldomero Avino
|
0-0: Called Strike 0-1: SINGLE (Groundball, 56D, EV 96.2 MPH)
|
Batting: LHB Scott Kerin
|
0-0: Swinging Strike 0-1: Ball 1-1: Foul Ball, location: 2F 1-2: Ball 2-2: Ball 3-2: DOUBLE (Flyball, 8RXD, EV 104.4 MPH) Baldomero Avino to third Runner from 3rd tries for Home, SAFE, throw by CF to trailing runner, SAFE at third!
|
Batting: RHB Guillermo Coss
|
0-0: Ground out 6-3 (Groundball, 6, EV 81.9 MPH) Scott Kerin scores
|
Batting: LHB Divine Diablo
|
0-0: Called Strike 0-1: Swinging Strike 0-2: Fly out, F7 (Flyball, 78D, EV 104.4 MPH)
|
Bottom of the 8th over - 2 runs, 2 hits, 0 errors, 0 left on base; Buffalo 4 - Hollywood 3 |
TOP OF THE 9TH |
Buffalo White Walkers batting - Pitching for Hollywood Shredders : RHP José Villarreal
|
Batting: RHB Tom Smythe
|
0-0: Ball 1-0: Ball 2-0: Called Strike 2-1: Called Strike 2-2: Ball 3-2: Ground out U3 (Groundball, 3S, EV 81.9 MPH)
|
Pitching: RHP WyDale Curry
|
|
Batting: RHB Peter Holland
|
0-0: Ball 1-0: Ball 2-0: Called Strike 2-1: Foul Ball, location: 2F 2-2: Foul Ball, location: 2F 2-2: DOUBLE (Line Drive, 9LS, EV 111.9 MPH)
|
Pinch Runner at 2nd Daryl Yandell:
|
|
Batting: RHB Cisco Feijoo
|
0-0: Intentional Walk
|
Batting: RHB Pedro Álvarez
|
0-0: Ball 1-0: Ball 2-0: Foul Ball, location: 2F 2-1: Ball 3-1: Called Strike 3-2: Foul Ball, location: 2F 3-2: Strikes out swinging
|
Batting: LHB Dread Roberts
|
0-0: Foul Ball, location: 2F 0-1: Foul Ball, location: 2F 0-2: Ball 1-2: Ball 2-2: Strikes out looking
|
Top of the 9th over - 0 runs, 1 hit, 0 errors, 2 left on base; Buffalo 4 - Hollywood 3 |
BOTTOM OF THE 9TH |
Hollywood Shredders batting - Pitching for Buffalo White Walkers : LHP Amberlan Romubio
|
Pitching: RHP Woodward Haberdash
|
|
Now at SS: Panas Pletnev
|
|
Pinch Hitting: LHB Dewitt Hopper
|
0-0: Ball 1-0: Foul Ball, location: 2F 1-1: Called Strike 1-2: Ball 2-2: SOLO HOME RUN (Flyball, 9D, EV 92.5 MPH), Distance : 364 ft
|
Batting: RHB Nigel Sturges
|
0-0: Ball 1-0: DOUBLE (Flyball, 78D, EV 92.5 MPH)
|
Batting: LHB Chris Payling
|
0-0: Intentional Walk
|
Batting: RHB James Hemwick
|
0-0: Called Strike 0-1: Swinging Strike 0-2: Ball 1-2: Ball 2-2: SINGLE (Groundball, 5D, EV 99.4 MPH) Nigel Sturges to third Chris Payling to second Runner from 3rd tries for Home, SAFE, throw by LF to home
|
|
Friday, April 17th, 2020 - OOTP Baseball 20.8 Build 74
|
|